 Dungeon Crawl Stone Soup version 0.32-a0-520-g344ed53f66 (webtiles) character file.

Game seed: 6637891920067107141

8 ezpacito the Trooper (level 2, 24/24 HPs)
             Began as a Demonspawn Chaos Knight on Feb 27, 2024.
             Was a Plaything of Xom.
             Quit the game on level 1 of the Dungeon.
             The game lasted 00:00:25 (111 turns).

ezpacito the Trooper (Demonspawn Chaos Knight)       Turns: 111, Time: 00:00:25

Health: 24/24      AC:  5    Str: 12    XL:     2   Next: 0%
Magic:  2/2        EV: 11    Int: 12    God:    Xom [..*...]
Gold:   19         SH:  0    Dex: 12    Spells: 1/1 levels left

rFire   . . .        a - +0 hand axe (chaos)
rCold   . . .        (no shield)
rNeg    . . .        b - +2 leather armour
rPois   .            (helmet restricted)
rElec   .            (no cloak)
rCorr   .            (no gloves)
SInv    .            (no boots)
Will    .....        (no amulet)
Stlth   +            (no ring)
HPRegen 0.24/turn    (no ring)
MPRegen 0.08/turn

%: no passive effects
@: no status effects
A: antennae 1
a: Renounce Religion


You were on level 1 of the Dungeon.
You worshipped Xom.
You were a toy of Xom.
You visited 1 branch of the dungeon, and saw 1 of its levels.

You collected 19 gold pieces.

Inventory:

Hand Weapons
 a - a +0 hand axe of chaos (weapon)
Armour
 b - a +2 leather armour (worn)
Jewellery
 d - a +6 ring of intelligence
Scrolls
 c - a scroll of butterflies
 e - a scroll of blinking {unknown}
Potions
 f - a potion of attraction {unknown}


   Skills:
 * Level 3.0 Fighting
 * Level 2.8 Axes
 + Level 0.1(1.6) Polearms
 * Level 1.9 Armour
 * Level 1.0 Dodging
 + Level 0.1 Stealth
 * Level 0.3 Unarmed Combat
 * Level 0.4 Spellcasting


You had one spell level left.
You didn't know any spells.
Your spell library was empty.

Dungeon Overview and Level Annotations

Branches:
Dungeon (1/15)

Altars:


Innate Abilities, Weirdness & Mutations

You have a pair of small antennae on your head.


Message History

Xom is amused.
The dart slug is almost dead.
The dart slug launches a dart at you. The slug dart hits you.
You hit the dart slug.
You kill the dart slug!
Your Dodging skill increases to level 1!
HP restored.
Found 5 stones.
No target in view!
e - a scroll labelled GUMEBI GUFY
f - a metallic amethyst potion Xom's power almost touches on you for a moment.
Your scroll labelled GUMEBI GUFY falls out of your pack, then immediately jumps back in!
No target in view!
No target in view!
No target in view!
No target in view!
You now have 13 gold pieces.
A ball python comes into view.
The ball python moves out of view.
No target in view!
A ball python is nearby!
You closely miss the ball python. The ball python misses you.
You hit the ball python but do no damage.
The ball python misses you.
You completely miss the ball python. The ball python closely misses you.
The ball python barely misses you.
The ball python bites you but does no damage.
The ball python grabs you. The ball python constricts you.
You hit the ball python.
The ball python seems to slow down.
You freeze the ball python.
You kill the ball python!
You have reached level 2!
Your demonic ancestry asserts itself...
A pair of antennae grows on your head!
You now have 19 gold pieces (gained 6).
A rat comes into view.
The rat squeaks loudly.
Are you sure you want to abandon this character and quit the game? (Confirm with "yes".)

.## #####..## .. .###
#.......#.........
...####.................
.............##.........
....###.....####........
...## #.....#.......!...
...# ##.....#.##r.......
#### #..###.#.##........
....#.......#@.......
.###................. .
#..................
#...........#######
#...........#
##.........##
##...#...## #########


You could see a rat.

Vanquished Creatures
  A dart slug (D:1)
  An endoplasm (D:1)
  A giant cockroach (D:1)
  A goblin (D:1)
  A ball python (D:1)
  A rat (D:1)
6 creatures vanquished.

Notes
Turn   | Place    | Note
-------+----------+-------------------------------------------
     0 | D:1      | ezpacito the Demonspawn Chaos Knight began the quest for
                  | the Orb.
     0 | D:1      | Reached XP level 1. HP: 18/18 MP: 1/1
    33 | D:1      | Reached skill level 1 in Dodging
    64 | D:1      | XOM: silly message
   100 | D:1      | Gained mutation: You have a pair of small antennae on your
                  | head. [demonic ancestry]
   100 | D:1      | Reached XP level 2. HP: 23/24 MP: 2/2
   111 | D:1      | Quit the game

Illustrated notes

Levels and vault maps discovered:
D:1:      shiori_shiawase, layout_rooms

Skill      XL: |  1 |
---------------+----+-----
Dodging        | 1 |  1.0
Fighting       | |  3.0
Axes           | |  2.8
Polearms       | |  0.1
Armour         | |  1.9
Stealth        | |  0.1
Unarmed Combat | |  0.3
Spellcasting   | |  0.4

Action                     || total
---------------------------++-------
  Melee: Hand axe          ||    14
 Armour: Leather armour    ||     3
  Dodge: Dodged            ||     7
         Repelled          ||     3

Table legend: (Time is in decaauts)
 A = Elapsed time spent in this place.
 B = Non-inter-level travel time spent in this place.
 C = Inter-level travel time spent in this place.
 D = Time resting spent in this place.
 E = Time spent auto-exploring this place.
 F = Levels seen in this place.
 G = Mean time per level.
                   A        B        C        D        E       F      G
               +--------+--------+--------+--------+--------+-----+--------+
         Total |    112 |    112 |      0 |      0 |     82 |   1 |  112.0 |
       Dungeon |    112 |    112 |      0 |      0 |     82 |   1 |  112.0 |
               +--------+--------+--------+--------+--------+-----+--------+

Top non-repeatable levels by time:
     D:1: 112 daAuts
